[Event "NOR-ch Various 2019"]
[Site "Larvik"]
[Date "2019.07.11"]
[Round "7.19"]
[White "Sjoberg, Isak"]
[Black "Nordquelle, Daniel"]
[Result "1-0"]
[ECO "B53"]
[WhiteElo "2182"]
[BlackElo "2181"]
[Annotator "NA"]
[PlyCount "45"]
[EventDate "2019.07.06"]
[EventType "swiss"]
[EventCountry "NOR"]
[SourceTitle "playchess.com"]
[Source "ChessBase"]
[SourceQuality "1"]
[TimeControl "40/5400+30:1800+30"]

1. e4 c5 2. Nf3 d6 3. d4 Nf6 4. Nc3 cxd4 5. Qxd4 a6 6. e5 Nc6 7. Qa4 Ng4 8. Bb5 Ngxe5 9. Nxe5 dxe5 10. Bxc6+ bxc6 11. Qxc6+ Bd7 12. Qe4 f6 13. Be3 Rb8 14. O-O-O e6 15. Qc4 Qa5 16. Rxd7 Kxd7 17. Rd1+ Ke7 18. Bc5+ Kf7 19. Rd7+ Kg6 20. Qg4+ Kh6 21. Bxf8 Rbxf8 22. Qxg7+ Kh5 23. Rd3 1-0

[Event "NOR-ch Various 2019"]
[Site "Larvik"]
[Date "2019.07.11"]
[Round "7.20"]
[White "Melaa, Sondre"]
[Black "Opseth, Oliver"]
[Result "1-0"]
[ECO "E65"]
[WhiteElo "2118"]
[BlackElo "1714"]
[Annotator "ChessBase"]
[PlyCount "109"]
[EventDate "2019.07.06"]
[EventType "swiss"]
[EventCountry "NOR"]
[SourceTitle "playchess.com"]
[Source "ChessBase"]
[SourceQuality "1"]
[TimeControl "40/5400+30:1800+30"]

1. d4 Nf6 2. c4 g6 3. g3 Bg7 4. Bg2 O-O 5. Nc3 d6 6. Nf3 Nbd7 7. O-O c5 8. d5 Rb8 9. Nd2 a6 10. a4 Qa5 11. Qc2 Ne5 12. f4 Neg4 13. Nb3 Qd8 14. h3 Nh6 15. g4 Ne8 16. e4 f5 17. exf5 gxf5 18. g5 Nf7 19. Bd2 Nc7 20. a5 e5 21. dxe6 Bxe6 22. Nd5 Bxd5 23. Bxd5 Nxd5 24. cxd5 Qd7 25. Bc3 Nh8 26. Nd2 Ng6 27. Nc4 Rbe8 28. Qd3 Re4 29. Bxg7 Kxg7 30. Nb6 Qe7 31. Qg3 Re8 32. Rf3 Kg8 33. Raf1 Qg7 34. R1f2 Re1+ 35. Kg2 R1e2 36. Nc4 Rxf2+ 37. Qxf2 Qd7 38. Re3 Rxe3 39. Qxe3 Qe7 40. Qxe7 Nxe7 41. Nxd6 Nxd5 42. Kf3 b6 43. Nxf5 bxa5 44. Ke4 Nb6 45. Nd6 a4 46. h4 Kg7 47. f5 c4 48. Kd4 c3 49. Kxc3 Nd5+ 50. Kd4 Nf4 51. Ke4 Ne2 52. Ke5 Nc1 53. Ke6 Nd3 54. Ke7 Nxb2 55. f6+ 1-0

[Event "NOR-ch Various 2019"]
[Site "Larvik"]
[Date "2019.07.11"]
[Round "7.21"]
[White "Kizatbay, Abyl"]
[Black "Sebastian, Andreas"]
[Result "1-0"]
[ECO "B40"]
[WhiteElo "2216"]
[BlackElo "1911"]
[Annotator "NA"]
[PlyCount "77"]
[EventDate "2019.07.06"]
[EventType "swiss"]
[EventCountry "NOR"]
[SourceTitle "playchess.com"]
[Source "ChessBase"]
[SourceQuality "1"]
[TimeControl "40/5400+30:1800+30"]

1. e4 c5 2. Nf3 e6 3. d3 Nc6 4. g3 e5 5. Bg2 Be7 6. c3 d6 7. Qe2 h5 8. Be3 h4 9. Nxh4 Bxh4 10. gxh4 Qxh4 11. Na3 Bg4 12. Qc2 Nf6 13. Qb3 O-O-O 14. Qxf7 Rdf8 15. Qg6 Nh7 16. Nb5 Nf6 17. Nxd6+ Kb8 18. h3 Rd8 19. Bxc5 Nd7 20. Be3 Nf6 21. Bc5 b6 22. Ba3 Rh6 23. Qf7 Rd7 24. Qf8+ Rd8 25. Qf7 Rd7 26. Qc4 Rc7 27. Nb5 Be6 28. Qxe6 Nxe4 29. Qf5 Rf6 30. Qxe4 Qxf2+ 31. Kd1 Rd7 32. Rf1 Rxd3+ 33. Qxd3 Qxg2 34. Rxf6 gxf6 35. Qd6+ Kb7 36. Qd7+ Ka6 37. Nc7+ Kb7 38. Nd5+ Ka6 39. Qxc6 1-0

[Event "NOR-ch Various 2019"]
[Site "Larvik"]
[Date "2019.07.11"]
[Round "7.22"]
[White "Tunsjo, Axel"]
[Black "Valvag, Torbjorn"]
[Result "0-1"]
[ECO "B50"]
[WhiteElo "2039"]
[BlackElo "1912"]
[Annotator "NA"]
[PlyCount "114"]
[EventDate "2019.07.06"]
[EventType "swiss"]
[EventCountry "NOR"]
[SourceTitle "playchess.com"]
[Source "ChessBase"]
[SourceQuality "1"]
[TimeControl "40/5400+30:1800+30"]

1. e4 c5 2. Nf3 Nc6 3. b3 d6 4. Bb2 e5 5. Bd3 Be7 6. O-O Nf6 7. c3 O-O 8. Bc2 Bg4 9. Re1 Qc7 10. Na3 a6 11. Nc4 b5 12. Ne3 Be6 13. d4 cxd4 14. cxd4 exd4 15. Nxd4 Nxd4 16. Qxd4 Qa7 17. Qd3 Nd7 18. e5 g6 19. exd6 Bf6 20. Bxf6 Nxf6 21. Rad1 Rac8 22. a4 Qb6 23. Qd4 Qxd4 24. Rxd4 Rfd8 25. axb5 axb5 26. Bd3 Rb8 27. b4 Rb6 28. Rc1 Rdxd6 29. Rxd6 Rxd6 30. Bxb5 Rb6 31. Rc5 Ne4 32. Re5 Nd6 33. Bd3 Rxb4 34. h3 Kg7 35. Kh2 h5 36. Ra5 Nc4 37. Bxc4 Bxc4 38. g4 hxg4 39. hxg4 Be6 40. Kg3 Rd4 41. f4 Rd3 42. Kf2 Rxe3 43. Kxe3 Bxg4 44. Ke4 Be6 45. Ke5 Bf5 46. Ra6 Be6 47. Ra7 Bf5 48. Re7 Be6 49. Re8 Bf5 50. Kd6 Kf6 51. Re5 Be6 52. Kc5 Bf5 53. Kd4 Be6 54. Ke4 Bf5+ 55. Rxf5+ gxf5+ 56. Kd5 Kg7 57. Kd6 Kh6 0-1

[Event "NOR-ch Various 2019"]
[Site "Larvik"]
[Date "2019.07.11"]
[Round "7.23"]
[White "Nordquelle, Amelia"]
[Black "Austad, Eirik"]
[Result "1/2-1/2"]
[ECO "E70"]
[WhiteElo "1648"]
[BlackElo "1741"]
[Annotator "NA"]
[PlyCount "145"]
[EventDate "2019.07.06"]
[EventType "swiss"]
[EventCountry "NOR"]
[SourceTitle "playchess.com"]
[Source "ChessBase"]
[SourceQuality "1"]
[TimeControl "40/5400+30:1800+30"]

1. d4 Nf6 2. c4 g6 3. Nc3 Bg7 4. e4 d6 5. Bd3 O-O 6. Nge2 Na6 7. a3 c5 8. d5 e6 9. O-O exd5 10. exd5 Ng4 11. f4 Nc7 12. h3 Nh6 13. Ne4 Nf5 14. Rb1 b5 15. b4 bxc4 16. Bxc4 Re8 17. N2c3 Bd4+ 18. Kh2 Rb8 19. Qd3 Bxc3 20. Nxc3 Nd4 21. bxc5 Rxb1 22. Qxb1 dxc5 23. Bb2 Bf5 24. Qd1 Be4 25. Re1 Bc2 26. Qd2 Rxe1 27. Qxe1 Qd6 28. Qe5 Qb6 29. d6 Qxb2 30. dxc7 Bf5 31. Qxf5 Nxf5 32. c8=Q+ Kg7 33. Qd7 Qxc3 34. Qxf7+ Kh6 35. Qf8+ Qg7 36. Qxc5 Qc3 37. Qf8+ Qg7 38. Qxg7+ Kxg7 39. g4 Ne3 40. Bb3 Nf1+ 41. Kg2 Nd2 42. Ba2 Ne4 43. Kf3 Nc3 44. Bb3 Nb5 45. Ke4 Nxa3 46. Ke5 Nb5 47. Ba4 Nc3 48. Bb3 a5 49. Kd4 Ne2+ 50. Ke3 Nc3 51. Kd3 Nb5 52. Kc4 Nd6+ 53. Kd5 Nb5 54. Kc5 Nc3 55. Be6 a4 56. Kd4 Ne2+ 57. Ke3 Nc3 58. Kd3 Nb5 59. Kc4 Nd6+ 60. Kb4 Kf6 61. Bd7 h6 62. Bxa4 g5 63. Kc5 Ne4+ 64. Kd4 Nf2 65. f5 Nxh3 66. Ke4 Nf4 67. Be8 Nh3 68. Bh5 Nf4 69. Be8 Nh3 70. Kd5 Nf4+ 71. Ke4 Nh3 72. Kd5 Nf4+ 73. Ke4 1/2-1/2

[Event "NOR-ch Various 2019"]
[Site "Larvik"]
[Date "2019.07.11"]
[Round "7.24"]
[White "Olsen, William Alexander"]
[Black "Digernes, Mikael"]
[Result "1-0"]
[ECO "E62"]
[WhiteElo "1764"]
[BlackElo "1560"]
[Annotator "NA"]
[PlyCount "109"]
[EventDate "2019.07.06"]
[EventType "swiss"]
[EventCountry "NOR"]
[SourceTitle "playchess.com"]
[Source "ChessBase"]
[SourceQuality "1"]
[TimeControl "40/5400+30:1800+30"]

1. Nf3 Nf6 2. d4 g6 3. g3 Bg7 4. Bg2 d6 5. O-O O-O 6. c4 c6 7. Nc3 Re8 8. Qc2 Qc7 9. b3 e5 10. e4 Nh5 11. dxe5 dxe5 12. Bb2 f5 13. Rae1 f4 14. Ne2 Qe7 15. gxf4 Nxf4 16. Nxf4 exf4 17. Bxg7 Qxg7 18. Qd2 g5 19. Qd4 g4 20. Qxg7+ Kxg7 21. Nd4 f3 22. Bh1 Na6 23. h3 h5 24. Re3 Re5 25. Kh2 Bd7 26. Rd1 Rae8 27. Nxf3 R5e7 28. Ng5 Kg6 29. h4 Nc5 30. Rd6+ Kg7 31. f4 gxf3 32. Bxf3 Bg4 33. Bxg4 hxg4 34. Rd4 Nd7 35. Kg3 Ne5 36. Rd6 a5 37. a3 a4 38. c5 axb3 39. Rxb3 Nc4 40. Rd4 Ne5 41. Rdb4 Rb8 42. a4 Kg6 43. a5 Ra8 44. Rxb7 Rxb7 45. Rxb7 Rxa5 46. Re7 Rxc5 47. Kf4 Nd3+ 48. Kxg4 Rc4 49. h5+ Kf6 50. Re6+ Kg7 51. h6+ Kf8 52. h7 Kg7 53. Re7+ Kg6 54. h8=Q Rxe4+ 55. Nxe4 1-0

[Event "NOR-ch Various 2019"]
[Site "Larvik"]
[Date "2019.07.11"]
[Round "7.25"]
[White "Tunsjo, Felix"]
[Black "Stromhaug, Kristoffer Wang"]
[Result "0-1"]
[ECO "B34"]
[WhiteElo "1196"]
[BlackElo "1566"]
[Annotator "NA"]
[PlyCount "116"]
[EventDate "2019.07.06"]
[EventType "swiss"]
[EventCountry "NOR"]
[SourceTitle "playchess.com"]
[Source "ChessBase"]
[SourceQuality "1"]
[TimeControl "40/5400+30:1800+30"]

1. e4 c5 2. Nf3 Nc6 3. d4 cxd4 4. Nxd4 g6 5. Nxc6 bxc6 6. Nc3 Bg7 7. Bd3 e6 8. O-O Ne7 9. Re1 d5 10. Bg5 f6 11. Bc1 O-O 12. Bd2 f5 13. e5 Qc7 14. Bg5 Rf7 15. f4 Qb6+ 16. Kh1 Qxb2 17. Ne2 Bd7 18. Ng3 c5 19. Bf1 Ba4 20. Rb1 Qxc2 21. Qf3 Bc6 22. Rbc1 Qb2 23. Rxc5 Qb7 24. h4 h6 25. Bxe7 Rxe7 26. Rec1 Rc7 27. Bb5 Rac8 28. Qc3 Bxb5 29. Rxc7 Rxc7 30. Qxc7 Qxc7 31. Rxc7 a6 32. Kg1 Bc4 33. a3 Bf8 34. Kf2 Bxa3 35. Ne2 Bb2 36. Ke3 g5 37. g3 gxf4+ 38. gxf4 a5 39. Ra7 d4+ 40. Nxd4 Bd5 41. Rxa5 Bc1+ 42. Kf2 Bxf4 43. Ra6 Kf7 44. Ke2 Bc4+ 45. Kf3 Bxa6 46. Kxf4 Bc4 47. Nf3 Ke7 48. Ke3 Kf7 49. Kf4 Kg6 50. Kg3 Kh5 51. Kh3 f4 52. Nh2 Bd3 53. Nf3 Bf5+ 54. Kh2 Bg4 55. Nd2 Kxh4 56. Kg2 Kg5 57. Kf2 Kf5 58. Nc4 Ke4 0-1

[Event "NOR-ch Various 2019"]
[Site "Larvik"]
[Date "2019.07.11"]
[Round "7.26"]
[White "Fuglestein, Sander"]
[Black "Kvendseth, Thyra"]
[Result "1-0"]
[ECO "E62"]
[WhiteElo "1997"]
[BlackElo "1967"]
[Annotator "NA"]
[PlyCount "135"]
[EventDate "2019.07.06"]
[EventType "swiss"]
[EventCountry "NOR"]
[SourceTitle "playchess.com"]
[Source "ChessBase"]
[SourceQuality "1"]
[TimeControl "40/5400+30:1800+30"]

1. d4 Nf6 2. c4 g6 3. Nf3 Bg7 4. g3 O-O 5. Bg2 d6 6. O-O c6 7. Nc3 a6 8. Re1 Qc7 9. e4 e5 10. h3 b5 11. cxb5 cxb5 12. Bg5 Nbd7 13. Rc1 Qd8 14. Qd2 Bb7 15. b4 Rc8 16. d5 Nb6 17. a4 bxa4 18. Qa2 Rc4 19. Qa3 Qd7 20. Be3 Qd8 21. Nd2 Rc8 22. Nxa4 Nxa4 23. Qxa4 Qd7 24. Qxd7 Nxd7 25. Nc4 Rb8 26. Nxd6 Ba8 27. Bc5 Rfd8 28. Nc4 Bf8 29. Ne3 Rdc8 30. Bxf8 Kxf8 31. Bf1 Rd8 32. Rb1 Bb7 33. Nc4 f5 34. exf5 Bxd5 35. fxg6 hxg6 36. Nxe5 Nxe5 37. Rxe5 Ba2 38. Ra1 Bf7 39. Bxa6 Rxb4 40. Rae1 Rb2 41. Bf1 Kg7 42. R5e2 Rb3 43. Re7 Rc3 44. Bg2 Rd2 45. R7e2 Rd4 46. Re3 Rc2 47. R1e2 Rc1+ 48. Kh2 Rcd1 49. g4 Rd6 50. Kg3 Rg1 51. Re1 Rxe1 52. Rxe1 Rd3+ 53. Re3 Rd4 54. h4 Rb4 55. f4 Rd4 56. Ra3 Rb4 57. Bf3 Rb2 58. g5 Rd2 59. Ra7 Rd3 60. Kf2 Kg8 61. Be2 Rc3 62. Ra5 Rh3 63. h5 gxh5 64. f5 Kg7 65. Ra7 Kg8 66. g6 Bd5 67. Rd7 Bb3 68. f6 1-0

[Event "NOR-ch Various 2019"]
[Site "Larvik"]
[Date "2019.07.11"]
[Round "7.27"]
[White "Schouten, Mathias Lind"]
[Black "Grave, Jacob Templen"]
[Result "0-1"]
[ECO "B13"]
[WhiteElo "1961"]
[BlackElo "1800"]
[Annotator "NA"]
[PlyCount "90"]
[EventDate "2019.07.06"]
[EventType "swiss"]
[EventCountry "NOR"]
[SourceTitle "playchess.com"]
[Source "ChessBase"]
[SourceQuality "1"]
[TimeControl "40/5400+30:1800+30"]

1. e4 c6 2. d4 d5 3. exd5 cxd5 4. Bd3 Nc6 5. c3 Nf6 6. Bf4 Bg4 7. Qb3 Qd7 8. Nd2 e6 9. Ngf3 Bxf3 10. Nxf3 Bd6 11. Bxd6 Qxd6 12. O-O O-O 13. Rae1 Nd7 14. Qc2 h6 15. Qd2 a6 16. Bb1 b5 17. a3 Rfb8 18. Qd3 Nf8 19. Ne5 Nxe5 20. Rxe5 a5 21. f4 f5 22. g4 g6 23. gxf5 gxf5 24. Qg3+ Kh7 25. Rfe1 Ra7 26. Kh1 Rg7 27. Qh3 Rg6 28. Qf1 Rf6 29. h4 Rb7 30. Qe2 Kh8 31. Rg1 b4 32. axb4 axb4 33. h5 Rff7 34. c4 dxc4 35. Qxc4 Rg7 36. d5 Rxg1+ 37. Kxg1 Rg7+ 38. Kf1 Qb6 39. Bc2 Qg1+ 40. Ke2 Rg2+ 41. Kd3 Qf1+ 42. Kd4 Qxf4+ 43. Re4 fxe4 44. Bxe4 Rd2+ 45. Kc5 Qc7+ {[%emt 0:00:18] Kd4} 0-1

[Event "NOR-ch Various 2019"]
[Site "Larvik"]
[Date "2019.07.11"]
[Round "7.28"]
[White "Hobber, Anders"]
[Black "Abdrlauf, Elham"]
[Result "1/2-1/2"]
[ECO "A13"]
[WhiteElo "2294"]
[BlackElo "2235"]
[Annotator "NA"]
[PlyCount "23"]
[EventDate "2019.07.06"]
[EventType "swiss"]
[EventCountry "NOR"]
[SourceTitle "playchess.com"]
[Source "ChessBase"]
[SourceQuality "1"]
[TimeControl "40/5400+30:1800+30"]

1. Nf3 d5 2. e3 Nf6 3. c4 e6 4. b3 Be7 5. Bb2 O-O 6. Nc3 dxc4 7. Bxc4 b6 8. O-O Bb7 9. d4 c5 10. Qe2 cxd4 11. Nxd4 Nc6 12. Nxc6 1/2-1/2

[Event "NOR-ch Various 2019"]
[Site "Larvik"]
[Date "2019.07.11"]
[Round "7.29"]
[White "Andersen, Lars Even"]
[Black "Aulin-Jansson, Joran"]
[Result "0-1"]
[ECO "E10"]
[WhiteElo "2314"]
[BlackElo "2223"]
[Annotator "ChessBase"]
[PlyCount "67"]
[EventDate "2019.07.06"]
[EventType "swiss"]
[EventCountry "NOR"]
[SourceTitle "playchess.com"]
[Source "ChessBase"]
[SourceQuality "1"]
[TimeControl "40/5400+30:1800+30"]

1. d4 Nf6 2. c4 e6 3. g3 c5 4. Nf3 cxd4 5. Qxd4 Bb4+ 6. Nbd2 Nc6 7. Qd3 O-O 8. a3 Be7 9. Bg2 b6 10. O-O Bb7 11. b4 d5 12. Rd1 dxc4 13. Qxc4 Rc8 14. Qb3 Qd5 15. Nc4 Qb5 16. Nd6 Bxd6 17. Rxd6 Qxe2 18. Bf1 Qe4 19. Bd3 Qg4 20. Bf1 Nxb4 21. axb4 Bxf3 22. Bb2 Bd5 23. Qe3 Qxb4 24. Bxf6 gxf6 25. Bd3 Rc3 26. Rd7 Qb3 27. Bxh7+ Kxh7 28. Qd4 Qc4 29. Rxd5 exd5 30. Qxf6 Rc1+ 31. Rxc1 Qxc1+ 32. Kg2 Qh6 33. Qf5+ Qg6 34. Qxd5 0-1

[Event "NOR-ch Various 2019"]
[Site "Larvik"]
[Date "2019.07.11"]
[Round "7.30"]
[White "Kristiansen, Willy M"]
[Black "Hole, Oystein"]
[Result "1/2-1/2"]
[ECO "D12"]
[WhiteElo "2118"]
[BlackElo "2293"]
[Annotator "ChessBase"]
[PlyCount "64"]
[EventDate "2019.07.06"]
[EventType "swiss"]
[EventCountry "NOR"]
[SourceTitle "playchess.com"]
[Source "ChessBase"]
[SourceQuality "1"]
[TimeControl "40/5400+30:1800+30"]

1. d4 d5 2. c4 c6 3. Nf3 Nf6 4. e3 Bf5 5. Nc3 e6 6. Bd3 Bg6 7. Ne5 Nbd7 8. Nxg6 hxg6 9. Qe2 Be7 10. Bd2 Qc7 11. h3 O-O 12. O-O Rad8 13. Rac1 dxc4 14. Bxc4 e5 15. dxe5 Nxe5 16. Rfd1 Nxc4 17. Qxc4 Rd7 18. Be1 Rfd8 19. Rxd7 Rxd7 20. Rd1 Rxd1 21. Nxd1 b5 22. Qd3 a6 23. a4 Qd6 24. Qxd6 Bxd6 25. axb5 axb5 26. Kf1 Kf8 27. Ke2 Ke7 28. f3 Kd7 29. e4 c5 30. Bc3 Be7 31. Ne3 c4 32. Kd2 Ne8 1/2-1/2

[Event "NOR-ch Various 2019"]
[Site "Larvik"]
[Date "2019.07.11"]
[Round "7.31"]
[White "Demac, Elias"]
[Black "Holleland, Sigve"]
[Result "1/2-1/2"]
[ECO "A34"]
[WhiteElo "2215"]
[BlackElo "2092"]
[Annotator "NA"]
[PlyCount "46"]
[EventDate "2019.07.06"]
[EventType "swiss"]
[EventCountry "NOR"]
[SourceTitle "playchess.com"]
[Source "ChessBase"]
[SourceQuality "1"]
[TimeControl "40/5400+30:1800+30"]

1. Nf3 Nf6 2. c4 g6 3. Nc3 c5 4. g3 Bg7 5. Bg2 d5 6. cxd5 Nxd5 7. Qa4+ Nc6 8. Qc4 Nxc3 9. dxc3 Qb6 10. Ng5 Ne5 11. Qd5 O-O 12. O-O Rd8 13. Qb3 h6 14. Nf3 Be6 15. Qxb6 Nxf3+ 16. Bxf3 axb6 17. Bxb7 Rxa2 18. Rxa2 Bxa2 19. Be3 Bc4 20. Bf3 e5 21. Rb1 Bb3 22. Ra1 f5 23. Ra8 Rxa8 1/2-1/2

[Event "NOR-ch Various 2019"]
[Site "Larvik"]
[Date "2019.07.11"]
[Round "7.32"]
[White "Fossan, Aleksander"]
[Black "Hagesather, Ellen"]
[Result "0-1"]
[ECO "B07"]
[WhiteElo "2155"]
[BlackElo "2193"]
[Annotator "NA"]
[PlyCount "96"]
[EventDate "2019.07.06"]
[EventType "swiss"]
[EventCountry "NOR"]
[SourceTitle "playchess.com"]
[Source "ChessBase"]
[SourceQuality "1"]
[TimeControl "40/5400+30:1800+30"]

1. e4 d6 2. d4 Nf6 3. Nc3 g6 4. Be3 c6 5. Qd2 b5 6. Bd3 Nbd7 7. Nf3 e5 8. h3 Bb7 9. dxe5 dxe5 10. O-O Bg7 11. a4 b4 12. Ne2 Qe7 13. Ng3 a5 14. c3 O-O 15. cxb4 Qxb4 16. Qxb4 axb4 17. b3 Rfe8 18. Rac1 Bf8 19. Rfd1 Ra5 20. Nd2 Nc5 21. Bxc5 Bxc5 22. Nc4 Raa8 23. Be2 Re6 24. Nb2 Bd4 25. Nd3 h5 26. h4 Ra5 27. Nxb4 c5 28. Nd5 Nxd5 29. exd5 Bxd5 30. Bc4 Bxc4 31. Rxc4 Rf6 32. Nh1 Rf4 33. g3 Rf3 34. Rb1 Ra6 35. Kg2 e4 36. Re1 f5 37. Rb1 Rd3 38. Kf1 Kf7 39. Ke2 Ke6 40. Rc2 Rb6 41. Ra2 Rdxb3 42. Rxb3 Rxb3 43. a5 c4 44. a6 Ba7 45. Ra1 Rb2+ 46. Kf1 c3 47. Rc1 Bd4 48. a7 Ra2 0-1

[Event "NOR-ch Various 2019"]
[Site "Larvik"]
[Date "2019.07.11"]
[Round "7.32"]
[White "Fossan, Aleksander"]
[Black "Hagesæther, WEllen"]
[Result "*"]
[ECO "B07"]
[WhiteElo "2155"]
[BlackElo "2193"]
[Annotator "ChessBase"]
[PlyCount "70"]
[EventDate "2019.07.06"]
[EventType "swiss"]
[EventCountry "NOR"]
[SourceTitle "playchess.com"]
[Source "ChessBase"]
[SourceQuality "1"]
[TimeControl "40/5400+30:1800+30"]

1. e4 d6 2. d4 Nf6 3. Nc3 g6 4. Be3 c6 5. Qd2 b5 6. Bd3 Nbd7 7. Nf3 e5 8. h3 Bb7 9. dxe5 dxe5 10. O-O Bg7 11. a4 b4 12. Ne2 Qe7 13. Ng3 a5 14. c3 O-O 15. cxb4 Qxb4 16. Qxb4 axb4 17. b3 Rfe8 18. Rac1 Bf8 19. Rfd1 Ra5 20. Nd2 Nc5 21. Bxc5 Bxc5 22. Nc4 Raa8 23. Be2 Re6 24. Nb2 Bd4 25. Nd3 h5 26. h4 Ra5 27. Nxb4 c5 28. Nd5 Nxd5 29. exd5 Bxd5 30. Bc4 Bxc4 31. Rxc4 Rf6 32. Nh1 Rf4 33. g3 Rf3 34. Rb1 Ra6 35. Kg2 e4 *

[Event "NOR-ch Various 2019"]
[Site "Larvik"]
[Date "2019.07.11"]
[Round "7.33"]
[White "Martinsen, Stig K"]
[Black "Brodtkorb, Lars Johan"]
[Result "0-1"]
[ECO "A13"]
[WhiteElo "2177"]
[BlackElo "2077"]
[Annotator "NA"]
[PlyCount "84"]
[EventDate "2019.07.06"]
[EventType "swiss"]
[EventCountry "NOR"]
[SourceTitle "playchess.com"]
[Source "ChessBase"]
[SourceQuality "1"]
[TimeControl "40/5400+30:1800+30"]

1. Nf3 d5 2. c4 e6 3. g3 Nf6 4. Bg2 d4 5. O-O c5 6. e3 Nc6 7. exd4 cxd4 8. d3 Bd6 9. Bg5 h6 10. Bxf6 Qxf6 11. Nbd2 Qd8 12. a3 O-O 13. b4 Re8 14. Re1 e5 15. c5 Bc7 16. b5 Na5 17. Nh4 g5 18. Nhf3 Kg7 19. Qa4 Bf5 20. Ne4 Bd7 21. Qb4 f6 22. Rab1 Rg8 23. b6 axb6 24. cxb6 Bb8 25. Rec1 Nc6 26. Qb2 Qe7 27. Ra1 Ra5 28. Ned2 Ra6 29. Nc4 Nd8 30. Nfd2 Ba4 31. Qb4 Qd7 32. Rab1 Nc6 33. Qb2 Ne7 34. Nb3 Rc8 35. Nba5 Nd5 36. Bxd5 Qxd5 37. Qb4 Bd7 38. Qe7+ Kg6 39. Nxe5+ Bxe5 40. Rxc8 Bxc8 41. Qe8+ Qf7 42. Qxc8 Rxa5 0-1

[Event "NOR-ch Various 2019"]
[Site "Larvik"]
[Date "2019.07.11"]
[Round "7.34"]
[White "Moen, Ole Christian"]
[Black "Huse, Sigurd Kjelsbol"]
[Result "1/2-1/2"]
[ECO "C42"]
[WhiteElo "2234"]
[BlackElo "2122"]
[Annotator "NA"]
[PlyCount "104"]
[EventDate "2019.07.06"]
[EventType "swiss"]
[EventCountry "NOR"]
[SourceTitle "playchess.com"]
[Source "ChessBase"]
[SourceQuality "1"]
[TimeControl "40/5400+30:1800+30"]

1. e4 e5 2. Bc4 Nf6 3. Nc3 Bb4 4. Nf3 Nc6 5. O-O O-O 6. Re1 d6 7. a3 Bc5 8. Na4 Bb6 9. Nxb6 axb6 10. h3 Be6 11. Bf1 Ne7 12. d4 Ng6 13. Bd2 Bd7 14. Bc3 Re8 15. Bc4 h6 16. Qd2 Bc6 17. d5 Bd7 18. Bf1 Nh7 19. a4 f5 20. exf5 Bxf5 21. Bd3 Rf8 22. Bxf5 Rxf5 23. Qd3 Qf6 24. Bd2 Nf4 25. Bxf4 Rxf4 26. Re4 Rf8 27. Rae1 Ng5 28. Nxg5 Qxg5 29. R1e2 Rxe4 30. Qxe4 Qc1+ 31. Kh2 Qxb2 32. Qc4 Rf7 33. f3 Qc1 34. Re4 Qd2 35. Rg4 Rf4 36. Qxc7 Rxg4 37. hxg4 Qxd5 38. Qxb6 Kh7 39. a5 Kh8 40. c4 Qxc4 41. Qxb7 Qf4+ 42. Kh3 Qc1 43. Qa8+ Kh7 44. Qe4+ Kh8 45. a6 Qa1 46. Qa8+ Kh7 47. Kh2 d5 48. a7 Qe1 49. Qd8 g5 50. Qc7+ Kg6 51. Qb6+ Kf7 52. a8=Q Qh4+ 1/2-1/2

[Event "NOR-ch Various 2019"]
[Site "Larvik"]
[Date "2019.07.11"]
[Round "7.35"]
[White "Sorgjerd, Jan"]
[Black "Esbensen, Arnt"]
[Result "0-1"]
[ECO "D37"]
[WhiteElo "2033"]
[BlackElo "2153"]
[Annotator "NA"]
[PlyCount "130"]
[EventDate "2019.07.06"]
[EventType "swiss"]
[EventCountry "NOR"]
[SourceTitle "playchess.com"]
[Source "ChessBase"]
[SourceQuality "1"]
[TimeControl "40/5400+30:1800+30"]

1. d4 d5 2. Nf3 Nf6 3. c4 e6 4. Nc3 Be7 5. Bf4 O-O 6. e3 b6 7. cxd5 Nxd5 8. Bg3 Bb7 9. Be2 Nd7 10. O-O c5 11. Rc1 a6 12. Ne5 cxd4 13. Nxd5 Bxd5 14. Nxd7 Qxd7 15. Qxd4 Bc5 16. Qd2 Qe7 17. a3 Rfd8 18. Qc3 Qb7 19. b4 Bf8 20. f3 Rac8 21. Qb2 b5 22. Rfd1 Qb6 23. Bf2 Bc4 24. e4 Rxd1+ 25. Rxd1 Qc7 26. Bg3 Qe7 27. Rc1 a5 28. Be1 axb4 29. axb4 Qg5 30. Bd2 Qd8 31. Be1 h6 32. g3 h5 33. Bxc4 bxc4 34. Bc3 h4 35. Kg2 Qd3 36. Qd2 h3+ 37. Kf2 Rd8 38. Rd1 Qxd2+ 39. Rxd2 Ra8 40. g4 Ra3 41. Rc2 Rb3 42. Kg3 Bxb4 43. Bxb4 Rxb4 44. Kxh3 Kf8 45. Kg3 Ke7 46. e5 Kd7 47. Kf4 Kc6 48. Ke4 Kc5 49. h4 Rb1 50. Rd2 Re1+ 51. Kf4 c3 52. Rd8 Kc4 53. Rc8+ Kd3 54. Rd8+ Ke2 55. Rc8 Rc1 56. h5 Kd2 57. Rd8+ Kc2 58. g5 Rd1 59. Rc8 Rh1 60. Kg4 Kd2 61. Rd8+ Kc1 62. Rh8 c2 63. h6 gxh6 64. gxh6 Kd2 65. Rd8+ Ke3 0-1

[Event "NOR-ch Various 2019"]
[Site "Larvik"]
[Date "2019.07.11"]
[Round "7.36"]
[White "Thanke, Bror"]
[Black "Laverton, Christian"]
[Result "1-0"]
[ECO "B23"]
[WhiteElo "2191"]
[BlackElo "2115"]
[Annotator "NA"]
[PlyCount "71"]
[EventDate "2019.07.06"]
[EventType "swiss"]
[EventCountry "NOR"]
[SourceTitle "playchess.com"]
[Source "ChessBase"]
[SourceQuality "1"]
[TimeControl "40/5400+30:1800+30"]

1. e4 c5 2. Nc3 e6 3. Nge2 d5 4. d4 Nf6 5. Bg5 dxe4 6. Bxf6 gxf6 7. Nxe4 f5 8. Nxc5 Nc6 9. Nb3 Bg7 10. c3 O-O 11. Nf4 Qd6 12. Nh5 Bh6 13. Be2 b6 14. O-O Kh8 15. Bf3 Ba6 16. Re1 Rad8 17. Qc2 Ne7 18. g3 Rg8 19. Nc1 Rg5 20. Nd3 Ng6 21. Ne5 Qc7 22. Qa4 Nxe5 23. dxe5 Bd3 24. Nf6 b5 25. Qh4 Rg6 26. Rad1 Qc4 27. Qxc4 bxc4 28. b3 Bg5 29. bxc4 Bxf6 30. exf6 Rgg8 31. c5 Bc2 32. Rxd8 Rxd8 33. Bb7 Rd3 34. Re3 Rd7 35. c6 Rc7 36. Re2 1-0

[Event "NOR-ch Various 2019"]
[Site "Larvik"]
[Date "2019.07.11"]
[Round "7.37"]
[White "Lund, Gunnar"]
[Black "Fossan, Andreas"]
[Result "1-0"]
[ECO "A07"]
[WhiteElo "2285"]
[BlackElo "2023"]
[Annotator "NA"]
[PlyCount "87"]
[EventDate "2019.07.06"]
[EventType "swiss"]
[EventCountry "NOR"]
[SourceTitle "playchess.com"]
[Source "ChessBase"]
[SourceQuality "1"]
[TimeControl "40/5400+30:1800+30"]

1. Nf3 Nf6 2. g3 d5 3. Bg2 Bf5 4. O-O c6 5. d3 e6 6. Nbd2 Nbd7 7. b3 Be7 8. Bb2 O-O 9. Re1 Nc5 10. Ne5 h6 11. e4 Bh7 12. Qe2 a5 13. a4 Qc7 14. f4 Rad8 15. Kh1 Rfe8 16. Rad1 Qb6 17. Bc3 Bd6 18. Rf1 Qc7 19. Ba1 Rb8 20. Rde1 Nfd7 21. Ng4 Bg6 22. Ne3 b5 23. axb5 dxe4 24. d4 Nb7 25. Nxe4 cxb5 26. Nc3 Qd8 27. Nxb5 Bf8 28. Nc4 Nf6 29. Ne5 Bb4 30. c3 Bf8 31. Nc6 Qb6 32. Nxb8 Rxb8 33. c4 Bb4 34. Rd1 Bf5 35. h3 h5 36. d5 Re8 37. Bxf6 gxf6 38. Qxh5 Bc2 39. dxe6 Rxe6 40. Rd7 Nd8 41. Qd5 Nc6 42. f5 Re1 43. Qxf7+ Kh8 44. Qg7# 1-0

[Event "NOR-ch Various 2019"]
[Site "Larvik"]
[Date "2019.07.11"]
[Round "7.38"]
[White "Skotheim, Andreas"]
[Black "Rasmussen, Jonas H"]
[Result "1-0"]
[ECO "D15"]
[WhiteElo "2138"]
[BlackElo "2017"]
[Annotator "NA"]
[PlyCount "75"]
[EventDate "2019.07.06"]
[EventType "swiss"]
[EventCountry "NOR"]
[SourceTitle "playchess.com"]
[Source "ChessBase"]
[SourceQuality "1"]
[TimeControl "40/5400+30:1800+30"]

1. d4 d5 2. c4 c6 3. Nf3 Nf6 4. Nc3 a6 5. e3 b5 6. b3 Bg4 7. Qc2 e6 8. Bd3 Bh5 9. Bb2 Bg6 10. Ne5 Bd6 11. Nxg6 hxg6 12. h3 Nbd7 13. O-O-O Qa5 14. c5 Be7 15. Kb1 Qc7 16. f4 O-O-O 17. Qf2 Kb7 18. a3 Ng8 19. Rc1 f5 20. g4 Nh6 21. Qg2 Rdg8 22. g5 Nf7 23. h4 Nf8 24. Be2 Qd7 25. Qf1 Ka7 26. Na2 Qc8 27. Bc3 Bd8 28. a4 Nd7 29. Kc2 Be7 30. Nb4 a5 31. Nxc6+ Qxc6 32. axb5 Qc7 33. Bxa5 Qc8 34. Kb2 Nd8 35. b6+ Kb8 36. c6 Nxc6 37. Ba6 Qe8 38. Rxc6 1-0